 Dungeon Crawl Stone Soup version 0.32-a0-35-gd9ff480968 (webtiles) character file.

Game seed: 12081296701484726872

552 PriceMaster the Conjurer (level 7, -9/43 HPs)
             Began as an Octopode Conjurer on Jan 23, 2024.
             Mangled by Edmund
             ... wielding a +2 heavy flail
              (15 damage)
             ... on level 5 of the Dungeon.
             The game lasted 00:08:08 (4890 turns).

PriceMaster the Conjurer (Octopode Conjurer)        Turns: 4890, Time: 00:08:09

Health: -9/43      AC:  1    Str:  6    XL:     7   Next: 29%
Magic:  4/13       EV: 13    Int: 28    God:
Gold:   273        SH:  0    Dex: 11    Spells: 8/14 levels left

rFire   + . .        i - +1 dagger (venom)
rCold   . . .        (no shield)
rNeg    . . .        (helmet restricted)
rPois   .            (no amulet)
rElec   .            g - +6 ring of intelligence
rCorr   .            l - ring of protection from fire
SInv    .            (no ring)
Will    .....        (no ring)
Stlth   ++++         (no ring)
HPRegen 0.27/turn    (no ring)
MPRegen 0.13/turn    (no ring)
                     (no ring)

%: no passive effects
@: weak-willed
A: almost no armour, amphibious, 8 rings, camouflage 1, gelatinous body 1,
(nimble swimmer 1), tentacles
a: no special abilities


You were on level 5 of the Dungeon.
You visited 1 branch of the dungeon, and saw 5 of its levels.

You collected 273 gold pieces.

Inventory:

Hand Weapons
 e - a +0 dagger
 i - a +1 dagger of venom (weapon)
Jewellery
 g - a +6 ring of intelligence (left tentacle)
 l - a ring of protection from fire (right tentacle)
Wands
 a - a wand of acid (12)
Scrolls
 b - a scroll of noise
 c - a scroll of enchant weapon {unknown}
 d - a scroll of teleportation {unknown}
 f - 3 scrolls of identify
 h - a scroll of acquirement {unknown}
 j - a scroll of fear {unknown}
 k - 3 scrolls of vulnerability
 n - a scroll of enchant armour {unknown}
Potions
 o - 2 potions of degeneration {unknown}


   Skills:
 + Level 1.0 Fighting
 + Level 1.7 Short Blades
 + Level 3.3 Dodging
 + Level 4.7 Stealth
 + Level 4.1 Spellcasting
 + Level 5.7 Conjurations
 + Level 0.6 Ice Magic


You had 8 spell levels left.
You knew the following spells:

 Your Spells              Type           Power      Damage    Failure   Level
a - Magic Dart            Conj           100%       1d8       1%          1
b - Searing Ray           Conj           76%        2d7       1%          2
c - Frozen Ramparts       Ice            18%        1d3       17%         3

Your spell library contained the following spells:

 Spells                   Type           Power      Damage    Failure   Level
 Fulminant Prism          Conj/Alch      10%        3d9       22%         4
 Iskenderun's Mystic Bla  Conj/Tloc      21%        2d6       22%         4
 Starburst                Conj/Fire      10%        6d5       98%         6


Dungeon Overview and Level Annotations

Branches:
Dungeon (5/15)             Temple (0/1) D:4

Altars:
Trog
Vehumet

Shops:
D:5 [

Annotations:
D:5 Edmund


Innate Abilities, Weirdness & Mutations

You cannot wear most types of armour.
You are amphibious.
You can wear up to eight rings at the same time.
Your skin changes colour to match your surroundings (Stealth+).
Your rubbery body absorbs attacks. (AC +1, EV +1)
((You are camouflaged when in or above water. (Stealth+)))
You have tentacles for arms and can constrict up to eight enemies at once.


Message History

The black bear completely misses you. The black bear claws you.
You hit the black bear but do no damage.
The black bear is almost dead.
You constrict the black bear.
You kill the black bear!
The sleepcap barely misses you.
Your Fighting skill increases to level 1!
Your Spellcasting skill increases to level 4!
You hit the sleepcap. You grab the sleepcap.
The sleepcap is moderately damaged.
You constrict the sleepcap. The sleepcap releases spores at you.
You are engulfed in a cloud of soporific spores!
You fall asleep.
You lose your grip on the sleepcap.
The sleepcap releases spores at you!
You wake up.
You are engulfed in a cloud of soporific spores!
You are unaffected.
Casting: Searing Ray (safe; 1% risk of failure)
Confirm with . or Enter, or press ? or * to list all spells.
Okay, then.
You feel much better. The sleepcap releases spores at you!
Okay, then.
As you read the scroll labelled JIAKAYCAOR, it crumbles to dust.
You hear a loud clanging noise!
It was a scroll of noise.
You hear a shout! x3
The sleepcap releases spores at you. Edmund hits you with a +2 heavy flail!
Okay, then.
Okay, then.
Okay, then.
As you read the scroll labelled HYURPH XAPUNT, it crumbles to dust.
A wave of despondency washes over your surroundings.
It was a scroll of vulnerability.
The sleepcap releases spores at you!
* * * LOW HITPOINT WARNING * * *
You are engulfed in a cloud of soporific spores!
You are unaffected.
Edmund says, "I might not be good at magic, but I can still kill you!"
Edmund hits you with a +2 heavy flail!
You die...
Edmund says, "That'll show my brother!"

#.#..#
##.#..#.########
...............#
#....######.#### #
#..............# ...
#..#...#..#.##.#
.....#@.#...#..#.##.#
......f@.......#.##.#
..#...####.#...#.##.#
#∩. #.#...#.##.# ...
#.#...#.##.# .##
#.#...#.##.#
#.#...#.##.#
#.#........#
#.##..#.####
#.#.##..#.####


You could see Edmund (weak-willed) and a sleepcap (weak-willed).

Vanquished Creatures
  A black bear (D:5)
  A bullfrog (D:4)
  A bombardier beetle (D:3)
  A hound (D:4)
  An orc priest (D:4)
  2 iguanas (D:4)
  2 orc wizards (D:4)
  4 gnolls (D:4)
  8 adders
  2 dart slugs
  3 orcs
  9 endoplasms
  6 giant cockroaches (D:1)
  3 hobgoblins
  8 jackals
  6 quokkas
  6 ball pythons
  8 bats
  2 frilled lizards
  6 goblins
  4 kobolds
  8 rats
92 creatures vanquished.

Notes
Turn   | Place    | Note
-------+----------+-------------------------------------------
     0 | D:1      | PriceMaster the Octopode Conjurer began the quest for the
                  | Orb.
     0 | D:1      | Reached XP level 1. HP: 11/11 MP: 3/3
     1 | D:1      | Found a runed translucent door.
    64 | D:1      | Found a faded altar of an unknown god.
   249 | D:1      | Reached XP level 2. HP: 14/17 MP: 0/5
   948 | D:1      | Learned a level 2 spell: Searing Ray
   954 | D:1      | Reached XP level 3. HP: 21/21 MP: 2/6
  1219 | D:2      | Found a bloodstained altar of Trog.
  1247 | D:2      | Reached XP level 4. HP: 23/27 MP: 0/7
  1774 | D:2      | Got the Cyclopedia of Shivering Assaults
  2292 | D:3      | Found a radiant altar of Vehumet.
  2349 | D:3      | Reached skill level 5 in Conjurations
  2349 | D:3      | Reached XP level 5. HP: 31/31 MP: 4/9
  2406 | D:3      | Identified the +3 short sword of the Shifting Gods {elec,
                  | rPois rF+++ Will++ Str-3}
  3460 | D:4      | Reached skill level 1 in Short Blades
  3660 | D:4      | Reached XP level 6. HP: 37/37 MP: 4/11
  3904 | D:4      | Learned a level 3 spell: Frozen Ramparts
  4028 | D:4      | Found a staircase to the Ecumenical Temple.
  4450 | D:4      | Reached XP level 7. HP: 34/42 MP: 2/12
  4692 | D:5      | Entered Level 5 of the Dungeon
  4877 | D:5      | Found Kikupret's Antique Armour Emporium.
  4882 | D:5      | Noticed Edmund
  4886 | D:5      | Reached skill level 1 in Fighting
  4890 | D:5      | Mangled by Edmund

Illustrated notes

Levels and vault maps discovered:
D:1:      dpeg_arrival_caged_fury, layout_basic,
          hellmonk_ecumenical_altar_arch_garden, serial_bayou_crossing
D:2:      layout_basic, basic_altar, minmay_unequal
D:3:      layout_basic, nicolae_vehumet_radiance
D:4:      layout_loops_ring, minmay_temple_entry_trees
D:5:      layout_basic, serial_shops, shop, nicolae_shop_mannequins, shop, shop,
          shop_statue, uniq_grinder, uniq_duvessa, uniq_edmund

Skill      XL: |  1  2  3  4  5  6  7 |
---------------+----------------------+-----
Stealth        | 3 4 |  4.7
Conjurations   | 5 |  5.7
Short Blades   | 1 |  1.7
Spellcasting   | 3 4 |  4.1
Dodging        | 3 |  3.3
Fighting       | 1 |  1.0
Ice Magic      | |  0.6

Action                     |  1- 3 |  4- 6 |  7- 9 || total
---------------------------+-------+-------+-------++-------
  Melee: Unarmed           |     3 |       |       ||     3
         Tentacles         |     2 |    10 |     1 ||    13
         Constrict         |     2 |    12 |     3 ||    17
         Dagger            |    30 |    37 |     5 ||    72
         Punch             |       |     1 |       ||     1
   Cast: Magic Dart        |    26 |    46 |     3 ||    75
         Searing Ray       |     5 |    12 |     2 ||    19
         Frozen Ramparts   |       |     4 |     1 ||     5
    Use: Potion            |     2 |     6 |     1 ||     9
         Scroll            |     1 |       |     2 ||     3
   Stab: Sleeping          |     1 |     2 |       ||     3
 Armour: Skin              |    46 |    26 |    12 ||    84
  Dodge: Dodged            |    23 |    30 |     7 ||    60

Table legend: (Time is in decaauts)
 A = Elapsed time spent in this place.
 B = Non-inter-level travel time spent in this place.
 C = Inter-level travel time spent in this place.
 D = Time resting spent in this place.
 E = Time spent auto-exploring this place.
 F = Levels seen in this place.
 G = Mean time per level.
                   A        B        C        D        E       F      G
               +--------+--------+--------+--------+--------+-----+--------+
         Total |   4885 |   4723 |    162 |    445 |   3848 |   5 |  977.0 |
       Dungeon |   4885 |   4723 |    162 |    445 |   3848 |   5 |  977.0 |
               +--------+--------+--------+--------+--------+-----+--------+

Top non-repeatable levels by time:
     D:3: 1392 daAuts
     D:4: 1243 daAuts
     D:1: 1042 daAuts
     D:2: 1009 daAuts
     D:5: 197 daAuts
